 Dungeon Crawl Stone Soup version 0.29-a0-384-g6960b1960d (webtiles) character file.

Game seed: 4172404361661652330

639 rocky1 the Firebug (level 7, -13/36 HPs)
             Began as a Deep Elf Fire Elementalist on May 7, 2022.
             Mangled by a two-headed ogre
             ... wielding a +0 giant spiked club
              (23 damage)
             ... on level 5 of the Dungeon.
             The game lasted 00:17:05 (4321 turns).

rocky1 the Firebug (Deep Elf Fire Elementalist)     Turns: 4321, Time: 00:17:06

Health: -13/36     AC:  4    Str:  5    XL:     7   Next: 25%
Magic:  2/18       EV: 12    Int: 24    God:
Gold:   226        SH:  0    Dex: 15    Spells: 13/18 levels left

rFire   . . .      SeeInvis .   u - +4 great sword of the Stork {protect, Int+2}
rCold   . . .      Faith    .   (shield currently unavailable)
rNeg    + . .      Spirit   .   a - +0 robe
rPois   .          Reflect  .   w - +0 helmet
rElec   .          Harm     .   (no cloak)
rCorr   .          Rampage  .   (no gloves)
Will    .....                   n - +0 pair of boots
Stlth   ++........              (no amulet)
HPRegen 0.12/turn               s - ring of positive energy
MPRegen 0.16/turn               (no ring)

@: no status effects
A: no striking features
a: no special abilities


You were on level 5 of the Dungeon.
You visited 1 branch of the dungeon, and saw 5 of its levels.
You also visited: Sewer.

You collected 226 gold pieces.

Inventory:

Hand Weapons
 r - a +2 whip of freezing
 u - the +4 great sword of the Stork (weapon) {protect, Int+2}
   (You found it in a sewer)

   It grants its wielder temporary protection when it strikes (+7 to AC).
   Int:       It affects your intelligence (+2).
Missiles
 e - 111 stones
 k - 2 poisoned darts
Armour
 a - a +0 robe (worn)
 n - a +0 pair of boots (worn)
 w - a +0 helmet (worn)
Jewellery
 s - a ring of positive energy (left hand)
 y - an amulet of reflection
Wands
 x - a wand of flame (19)
Scrolls
 c - a scroll of summoning {unknown}
 g - 2 scrolls of magic mapping
 i - 2 scrolls of fog {unknown}
 j - 8 scrolls of teleportation
 l - a scroll of vulnerability {unknown}
 v - 2 scrolls of blinking
Potions
 b - a potion of magic
 d - a potion of heal wounds {unknown}
 f - 3 potions of lignification
 h - a potion of curing {unknown}
 o - 2 potions of resistance
 p - a potion of degeneration {unknown}
 q - a potion of flight {unknown}
 t - a potion of mutation {unknown}
 z - a potion of cancellation {unknown}


   Skills:
 - Level 2.4 Dodging
 - Level 2.4 Stealth
 + Level 6.1 Spellcasting
 - Level 1.1 Conjurations
 - Level 3.3 Translocations
 + Level 7.2 Fire Magic


You had 13 spell levels left.
You knew the following spells:

 Your Spells              Type           Power      Damage    Failure   Level
a - Foxfire               Conj/Fire      100%       2x1d9     1%          1
b - Scorch                Fire           84%        2d9       1%          2
c - Blink                 Tloc           46%        N/A       3%          2

Your spell library contained the following spells:

 Spells                   Type           Power      Damage    Failure   Level
 Conjure Flame            Conj/Fire      27%        6-21      4%          3
 Inner Flame              Hex/Fire       24%        N/A       5%          3
 Lesser Beckoning         Tloc           23%        N/A       6%          3
 Animate Skeleton         Necr           14%        N/A       8%          1
 Pain                     Necr           28%        1d5       8%          1
 Sting                    Tmut/Pois      28%        1d4       8%          1
 Static Discharge         Conj/Air       10%        N/A       10%         2
 Poisonous Vapours        Pois/Air       14%        N/A       12%         2
 Sublimation of Blood     Necr           7%         N/A       12%         2
 Wereblood                Tmut           7%         N/A       12%         2
 Portal Projectile        Hex/Tloc       30%        N/A       12%         3
 Flame Wave               Conj/Fire      27%        2d7       14%         4
 Vampiric Draining        Necr           7%         2d6       24%         3
 Manifold Assault         Tloc           23%        N/A       47%         5
 Olgreb's Toxic Radiance  Pois           7%         N/A       61%         4
 Summon Forest            Summ/Tloc      7%         N/A       73%         5
 Irradiate                Conj/Tmut      5%         3d15      86%         5
 Lightning Bolt           Conj/Air       5%         1d17      86%         5
 Blade Hands              Tmut           3%         N/A       91%         5
 Excruciating Wounds      Necr           3%         N/A       91%         5
 Eringya's Noxious Bog    Tmut/Pois      3%         N/A       100%        6
 Dragon Form              Tmut           3%         N/A       100%        7
 Summon Hydra             Summ           3%         N/A       100%        7
 Maxwell's Capacitive Co  Air            3%         ∞         100%        8


Dungeon Overview and Level Annotations

Branches:
Dungeon (5/15)              Sewer (visited)
 Temple: D:4-7

Altars:
The Shining One


Message History

You conjure some foxfire!
Casting: Foxfire (safe; 1% risk of failure)
Confirm with . or Enter, or press ? or * to list all spells.
You conjure some foxfire!
The foxfire hits the two-headed ogre but does no damage.
Casting: Foxfire (safe; 1% risk of failure)
Confirm with . or Enter, or press ? or * to list all spells.
Flames lash the two-headed ogre.
The two-headed ogre is lightly wounded.
The two-headed ogre's fire resistance burns away.
The foxfire hits the two-headed ogre!
The two-headed ogre is burned terribly!
The two-headed ogre is moderately wounded.
The foxfire hits the two-headed ogre!
The two-headed ogre is burned terribly!
The two-headed ogre is heavily wounded.
Your foxfire dissipates!
Casting: Scorch (safe; 1% risk of failure)
Confirm with . or Enter, or press ? or * to list all spells.
Flames lash the two-headed ogre.
The two-headed ogre is heavily wounded.
Casting: Scorch (safe; 1% risk of failure)
Confirm with . or Enter, or press ? or * to list all spells.
Flames lash the two-headed ogre.
The two-headed ogre is burned terribly!
The two-headed ogre is severely wounded.
Unknown command.
Casting: Scorch (safe; 1% risk of failure)
Confirm with . or Enter, or press ? or * to list all spells.
Flames lash the two-headed ogre.
The two-headed ogre is burned terribly!
The two-headed ogre is almost dead.
The two-headed ogre barely misses you.
The two-headed ogre hits you with a +0 giant club!!
Ouch! That really hurt!
* * * LOW HITPOINT WARNING * * *
Casting: Scorch (safe; 1% risk of failure)
Confirm with . or Enter, or press ? or * to list all spells.
Flames lash the two-headed ogre.
The two-headed ogre is burned terribly!
The two-headed ogre is almost dead.
The two-headed ogre attacks as you move away!
The two-headed ogre hits you with a +0 giant spiked club!!
Ouch! That really hurt!
You die...

###### #....# ### #....#
###### #.. ########....#
#....# #..
#...........#####....###..
#####........@O...............
#...............#####....#####
#.......####....# #....# #
#.......####....# ##########
#.......#...##### #....
#######.#...#### #....
#.#......# #.... #.#......#
#.... # #.#......# #....


You could see a two-headed ogre (combustible).

Vanquished Creatures
  Pargi (Sewer)
  An ogre (D:5)
  3 killer bees (D:4)
  A howler monkey (D:5)
  A hound (D:4)
  An iguana (D:5)
  10 adders
  4 gnolls (D:2)
  A shadow imp (D:5)
  A white imp (D:5)
  2 ufetubi
  A worm (D:3)
  2 orcs
  7 ball pythons
  9 endoplasms
  5 giant cockroaches
  8 goblins
  8 hobgoblins
  5 kobolds
  3 quokkas
  4 bats
  5 frilled lizards
  5 rats
88 creatures vanquished.

Vanquished Creatures (others)
  78 foxfires
78 creatures vanquished.

Grand Total: 166 creatures vanquished

Notes
Turn   | Place    | Note
-------+----------+-------------------------------------------
     0 | D:1      | rocky1 the Deep Elf Fire Elementalist began the quest for
                  | the Orb.
     0 | D:1      | Reached XP level 1. HP: 10/10 MP: 6/6
   376 | D:1      | Reached XP level 2. HP: 15/15 MP: 5/8
   402 | D:1      | Learned a level 2 spell: Scorch
   405 | D:1      | Reached skill level 4 in Fire Magic
   447 | D:1      | Learned a level 2 spell: Blink
   696 | D:2      | Reached skill level 1 in Translocations
   795 | D:2      | Reached XP level 3. HP: 19/19 MP: 0/9
  1376 | D:2      | Reached XP level 4. HP: 24/24 MP: 7/10
  1479 | D:2      | Reached skill level 5 in Fire Magic
  2251 | D:3      | Reached XP level 5. HP: 24/28 MP: 2/11
  2265 | D:3      | Found a glowing drain.
  2274 | Sewer    | Entered a sewer
  2491 | Sewer    | Identified the +4 great sword of the Stork {protect, Int+2}
  2499 | Sewer    | Noticed Pargi
  2504 | Sewer    | Killed Pargi
  2505 | Sewer    | Reached skill level 6 in Fire Magic
  2806 | D:3      | Reached XP level 6. HP: 32/32 MP: 11/14
  3243 | D:4      | Reached skill level 5 in Spellcasting
  3873 | D:4      | Found a glowing golden altar of the Shining One.
  3939 | D:5      | Entered Level 5 of the Dungeon
  4018 | D:5      | Reached XP level 7. HP: 36/36 MP: 11/17
  4075 | D:5      | Reached skill level 7 in Fire Magic
  4283 | D:5      | Noticed a two-headed ogre
  4321 | D:5      | Mangled by a two-headed ogre

Illustrated notes

Levels and vault maps discovered:
D:1:      minmay_arrival_solitary_statue, layout_basic, minmay_strange_pillars,
          minmay_domino_4
D:2:      layout_loops_ring
D:3:      layout_rooms, portal_sewer_entry_d, st_stairs_12,
          roderic_filled_cross, dreamdust_princess_bridge
D:4:      layout_gridville, nicolae_tso_swordbearing_angel
D:5:      kennysheep_big_flooded_room, layout_basic, uniq_crazy_yiuf_cottage

Skill      XL: |  1  2  3  4  5  6  7 |
---------------+----------------------+-----
Fire Magic     | 4 5 6 7 |  7.2
Translocations | 1 2 3 |  3.3
Spellcasting   | 4 5 6 |  6.1
Dodging        | |  2.4
Stealth        | |  2.4
Conjurations   | |  1.1

Action                   |  1- 3 |  4- 6 |  7- 9 || total
-------------------------+-------+-------+-------++-------
Melee: Whip              |       |    19 |       ||    19
       Great sword       |       |    12 |       ||    12
 Cast: Foxfire           |    28 |    16 |     3 ||    47
       Scorch            |    16 |    46 |    17 ||    79
  Use: Scroll            |       |     5 |       ||     5
Armor: Robe              |       |    14 |       ||    14
Dodge: Dodged            |     6 |    38 |     3 ||    47

Table legend: (Time is in decaauts)
 A = Elapsed time spent in this place.
 B = Non-inter-level travel time spent in this place.
 C = Inter-level travel time spent in this place.
 D = Time resting spent in this place.
 E = Time spent auto-exploring this place.
 F = Levels seen in this place.
 G = Mean time per level.
                   A        B        C        D        E       F      G
               +--------+--------+--------+--------+--------+-----+--------+
         Total |   4341 |   4167 |    174 |   1193 |   1849 |   6 |  723.5 |
       Dungeon |   3946 |   3772 |    174 |    948 |   1849 |   5 |  789.2 |
         Sewer |    395 |    395 |      0 |    245 |      0 |   1 |  395.0 |
               +--------+--------+--------+--------+--------+-----+--------+

Top non-repeatable levels by time:
     D:2: 1295 daAuts
     D:4: 969 daAuts
     D:1: 692 daAuts
     D:3: 667 daAuts
   Sewer: 395 daAuts
     D:5: 321 daAuts
